 Dungeon Crawl Stone Soup version 0.22.1-2-g9c5b331 (webtiles) character file.

102 Haldmier the Ruffian (level 4, -4/38 HPs)
             Began as a Naga Transmuter on Nov 24, 2018.
             Slain by Grinder (5 damage)
             ... while paralysed by Grinder
             ... on level 3 of the Dungeon.
             The game lasted 00:14:19 (2986 turns).

Haldmier the Ruffian (Naga Transmuter)              Turns: 2986, Time: 00:14:20

Health: -4/38      AC:  4    Str: 13    XL:     4   Next: 77%
Magic:  5/7        EV:  1    Int: 14    God:
Gold:   185        SH:  0    Dex: 11    Spells: 4/7 levels left

rFire    . . .     SeeInvis +     - Unarmed
rCold    . . .     Gourm    .   (no shield)
rNeg     . . .     Faith    .   n - +1 robe
rPois    +         Spirit   .   (no helmet)
rElec    .         Reflect  .   (no cloak)
rCorr    .         Harm     .   c - +0 pair of gloves
MR       .....                  (no barding)
Stlth    ++........             (no amulet)
HPRegen  0.12/turn              (no ring)
MPRegen  0.10/turn              (no ring)

@: paralysed, very slow
A: large, see invisible, deformed body, poison resistance, slowness 2, slow
metabolism 1, spit poison 1, AC +1
a: Spit Poison


You were on level 3 of the Dungeon.
You were hungry.

You visited 1 branch of the dungeon, and saw 3 of its levels.

You collected 185 gold pieces.

Inventory:

Hand Weapons
 b - a +0 arbalest
 k - a +0 hunting sling
 q - a +0 blowgun
Missiles
 a - 22 arrows
 e - 65 stones (quivered)
 o - 16 bolts
 r - 13 poisoned needles
 s - 31 sling bullets
Armour
 c - a +0 pair of gloves (worn)
 l - the +0 chain mail of the Poles {rElec Dex+7 Slay+4}
   (You found it on level 1 of the Dungeon)

   It affects your dexterity (+7).
   It affects your accuracy and damage with ranged weapons and melee attacks
   (+4).
   It insulates you from electricity.
 n - a +1 robe (worn)
Jewellery
 t - an uncursed ring of poison resistance {unknown}
 v - a +1 ring of evasion {unknown}
Scrolls
 g - a scroll of teleportation {unknown}
 h - 3 scrolls of remove curse
 i - 3 scrolls of identify {unknown}
 m - 3 scrolls of random uselessness {unknown}
Potions
 f - 3 potions of heal wounds {unknown}
 j - a potion of curing {unknown}
 p - a potion of lignification {unknown}
Comestibles
 d - 3 rations


   Skills:
 + Level 1.6 Fighting
 + Level 2.0 Dodging
 + Level 2.0 Stealth
 * Level 3.8 Unarmed Combat
 + Level 2.2 Spellcasting
 * Level 2.9 Transmutations


You had 4 spell levels left.
You knew the following spells:

 Your Spells              Type           Power        Failure   Level  Hunger
a - Beastly Appendage     Tmut           #.....       7%          1    #......
b - Sticks to Snakes      Tmut           #.......     11%         2    ###....

Your spell library contained the following spells:

 Spells                   Type           Power        Failure   Level  Hunger
 Spider Form              Tmut/Pois      #.........   36%         3    ###....
 Ice Form                 Ice/Tmut       #.......     77%         4    #####..
 Blade Hands              Tmut           #.........   88%         5    ######.


Dungeon Overview and Level Annotations

Branches:
Dungeon (3/15)

Altars:
Elyvilon

Annotations:
D:3 exclusion: 3 doors, Grinder


Innate Abilities, Weirdness & Mutations

You cannot wear boots.
Your serpentine skin is tough. (AC +1)
You have supernaturally acute eyesight. (SInv)
Armour fits poorly on your strangely shaped body.
Your system is resistant to poisons. (rPois)
You cover ground very slowly.
You have a slow metabolism.
You can spit poison.


Message History

Grinder says, "Don't move a muscle."
Grinder hits you!
* * * LOW HITPOINT WARNING * * *
You hit Grinder.
Grinder is almost dead.
Grinder zaps a wand.
You resist with some effort.
You hit Grinder.
Grinder is almost dead.
Grinder gestures at you.
You suddenly lose the ability to move!
Grinder gestures at you.
You shrug off the repeated paralysis!
Your horns disappear.
Grinder hits you!
* * * LOW HITPOINT WARNING * * *
Grinder blinks!
Your ball python completely misses Grinder.
Your ball python barely misses Grinder.
Grinder hits you.
You die...

#.......)#...#.#
#.#
########.#..##.#
###.# ###.#..##.#
#...#
#####.._......#
#.###
#.....#)####### #.#
#.#<....# #.#####
############
#.....# ......5S#
#####.#
#@##############.#
#.ยง.(....(.......#
##################


You could see Grinder and a friendly ball python.

Vanquished Creatures
  2 gnolls (D:3)
  2 adders
  A worm (D:3)
  A dart slug (D:2)
  A leopard gecko (D:2)
  An orc (D:3)
  2 giant cockroaches
  2 goblins
  7 hobgoblins
  A quokka (D:2)
  2 ball pythons
  6 bats
  3 frilled lizards
  7 kobolds
  4 rats
42 creatures vanquished.

Vanquished Creatures (collateral kills)
  2 gnolls (D:3)
  A bat (D:2)
3 creatures vanquished.

Grand Total: 45 creatures vanquished

Notes
Turn   | Place    | Note
-------+----------+-------------------------------------------
     0 | D:1      | Haldmier the Naga Transmuter began the quest for the Orb.
     0 | D:1      | Reached XP level 1. HP: 18/18 MP: 3/3
   372 | D:1      | Reached XP level 2. HP: 20/25 MP: 3/5
   483 | D:1      | Learned a level 2 spell: Sticks to Snakes
  1268 | D:1      | Got a scorched chain mail
  1355 | D:1      | Identified the cursed +0 chain mail of the Poles {rElec
                  | Dex+7 Slay+4} (You found it on level 1 of the Dungeon)
  1787 | D:2      | Reached skill level 1 in Stealth
  1787 | D:2      | Reached XP level 3. HP: 31/31 MP: 4/6
  2375 | D:3      | Found a white marble altar of Elyvilon.
  2434 | D:3      | Reached XP level 4. HP: 34/38 MP: 7/7
  2951 | D:3      | Noticed Grinder
  2952 | D:3      | Paralysed by Grinder for 3 turns
  2958 | D:3      | Paralysed by Grinder for 6 turns
  2982 | D:3      | Paralysed by Grinder for 6 turns
  2984 | D:3      | HP: 1/38 [Grinder (11)]
  2986 | D:3      | Slain by Grinder

Skill      XL: |  1  2  3  4 |
---------------+-------------+-----
Stealth        | 1 2 |  2.0
Dodging        | 2 |  2.0
Fighting       | |  1.6
Unarmed Combat | |  3.8
Spellcasting   | |  2.2
Transmutations | |  2.9

Action                   |  1- 3 |  4- 6 || total
-------------------------+-------+-------++-------
Melee: Unarmed           |    96 |    43 ||   139
       Headbutt          |     7 |     5 ||    12
       Punch             |     2 |       ||     2
 Fire: Arbalest          |       |     4 ||     4
Throw: Stone             |    24 |     9 ||    33
 Cast: Beastly Appendage |    18 |     6 ||    24
       Sticks to Snakes  |     1 |     3 ||     4
 Abil: Spit Poison       |    10 |     3 ||    13
  Use: Scroll            |     3 |       ||     3
 Stab: Sleeping          |     1 |       ||     1
  Eat: Chunk             |     4 |     2 ||     6
Armor: Robe              |    29 |    11 ||    40
       Skin              |       |     5 ||     5
Dodge: Dodged            |    56 |    14 ||    70
